 Dungeon Crawl Stone Soup version 0.29-a0-575-g0dc89cf053 (webtiles) character file.

Game seed: 12111778082707400299

7 shoop the Digger (level 2, -3/20 HPs)
             Began as a Meteoran Earth Elementalist on June 12, 2022.
             Was an Initiate of Sif Muna.
             Slain by an iguana (10 damage)
             ... on level 5 of the Dungeon.
             The game lasted 00:02:10 (256 turns).

shoop the Digger (Meteoran Earth Elementalist)       Turns: 256, Time: 00:02:11

Health: -3/20      AC:  2    Str: 15    XL:     2   Next: 17%
Magic:  3/6        EV: 12    Int: 16    God:    Sif Muna [......]
Gold:   58         SH:  0    Dex: 14    Spells: 3/6 levels left

rFire   . . .      SeeInvis .   (no weapon)
rCold   . . .      Faith    .   (no shield)
rNeg    . . .      Spirit   .   a - +0 robe
rPois   .          Reflect  .   (no helmet)
rElec   .          Harm     .   (no cloak)
rCorr   .          Rampage  .   (no gloves)
Will    .....                   (no boots)
Stlth   +.........              (no amulet)
HPRegen 0.06/turn               f - +6 ring of strength
MPRegen 0.10/turn               (no ring)

@: glowing
A: sense surroundings 1, otherworldly, glowing, explore regen
a: Renounce Religion


You were on level 5 of the Dungeon.
You worshipped Sif Muna.
Sif Muna was noncommittal.
You visited 1 branch of the dungeon, and saw 5 of its levels.

You collected 58 gold pieces.

Inventory:

Armour
 a - a +0 robe (worn)
 c - a +0 kite shield
Jewellery
 f - a +6 ring of strength (left hand)
Scrolls
 g - a scroll of enchant armour {unknown}
Potions
 b - a potion of magic
 d - a potion of attraction {unknown}
 e - a potion of curing {unknown}
 h - 2 potions of flight {unknown}


   Skills:
 - Level 2.4 Dodging
 - Level 1.4 Stealth
 - Level 2.6 Spellcasting
 + Level 1.4 Transmutations
 + Level 4.1 Earth Magic


You had 3 spell levels left.
You knew the following spells:

 Your Spells              Type           Power      Damage    Failure   Level
a - Sandblast             Erth           30%        2d9       3%          1
p - Passwall              Tmut/Erth      9%         N/A       10%         2

Your spell library contained the following spells:

 Spells                   Type           Power      Damage    Failure   Level
 Stone Arrow              Conj/Erth      16%        3d8       24%         3
 Petrify                  Tmut/Erth      11%        N/A       52%         4


Dungeon Overview and Level Annotations

Branches:
Dungeon (5/15)
 Temple: D:4-7

Altars:
Sif Muna


Innate Abilities, Weirdness & Mutations

You passively map a small area around you.
You are easily found by Zot.
You glow in the dark.
You regain HP and MP as you explore.


Message History

Found 21 stones.
Found a stone staircase leading up.
Found a stone staircase leading down.
You now have 58 gold pieces (gained 11).
Found 8 gold pieces.
Found a stone staircase leading down.
h - 2 clear potions
There is a stone staircase leading down here.
You climb downwards.
There is a stone staircase leading up here.
Found a stone staircase leading down.
Found a stone staircase leading down.
An iguana comes into view.
Found a scroll labelled VECIOZ DAUL.
The iguana hisses angrily.
Casting: Sandblast (safe; 3% risk of failure)
Confirm with . or Enter, or press ? or * to list all spells.
Aiming: Sandblast (safe; 3% risk of failure)
Press: ? - help, Shift-Dir - straight line, f - iguana
Aim: an iguana (82% to hit)
The blast of sand hits the iguana!
The iguana is severely wounded.
The iguana bites you. x2
Casting: Sandblast (safe; 3% risk of failure)
Confirm with . or Enter, or press ? or * to list all spells.
Aiming: Sandblast (safe; 3% risk of failure)
Press: ? - help, Shift-Dir - straight line, f/p - iguana
Aim: an iguana (severely wounded, 82% to hit)
The blast of sand hits the iguana.
The iguana is severely wounded.
The iguana bites you. The iguana barely misses you.
Casting: Sandblast (safe; 3% risk of failure)
Confirm with . or Enter, or press ? or * to list all spells.
Aiming: Sandblast (safe; 3% risk of failure)
Press: ? - help, Shift-Dir - straight line, f/p - iguana
Aim: an iguana (severely wounded, 82% to hit)
The blast of sand hits the iguana but does no damage.
The iguana is severely wounded.
The iguana bites you!
Ouch! That really hurt!
You die...

* , , , ,, ###
, * * ... , * *
* ..### *,*
#####...... ,
,* #..<.......
#.####..... * *
*#.# ### , #@#
** *,
...?....l.....#
*
#.#...#.####..#
* , * #####.# ,
*#># * * *#># *
, #.# * , #.. ,
, *


You could see an iguana.

Vanquished Creatures
  2 goblins (D:3)
  2 quokkas
  A frilled lizard (D:1)
  A rat (D:3)
6 creatures vanquished.

Notes
Turn   | Place    | Note
-------+----------+-------------------------------------------
     0 | D:1      | shoop the Meteoran Earth Elementalist began the quest for
                  | the Orb.
     0 | D:1      | Reached XP level 1. HP: 14/14 MP: 5/5
   149 | D:3      | Reached skill level 4 in Earth Magic
   149 | D:3      | Reached XP level 2. HP: 20/20 MP: 1/6
   152 | D:3      | Learned a level 2 spell: Passwall
   176 | D:3      | Found a shimmering blue altar of Sif Muna.
   185 | D:3      | Became a worshipper of Sif Muna the Loreminder
   249 | D:5      | Entered Level 5 of the Dungeon
   256 | D:5      | Slain by an iguana

Illustrated notes

Levels and vault maps discovered:
D:1:      dpeg_arrival_rooms_a, layout_basic, serial_curves, eino_curves_01,
          eino_curves_01
D:2:      layout_basic, ebering_ecumenical_altar_rust
D:3:      layout_basic, lemuel_coloured_pillars_altar
D:4:      layout_cave_pools, mainiacjoe_overflow_chevrons, uniq_duvessa,
          uniq_menkaure
D:5:      old_forge, layout_loops_ring, nzn_wu_jian_contemplation, uniq_sigmund

Skill      XL: |  1 |
---------------+----+-----
Earth Magic    | 4 |  4.1
Dodging        | |  2.4
Stealth        | |  1.4
Spellcasting   | |  2.6
Transmutations | |  1.4

Action                   || total
-------------------------++-------
 Cast: Sandblast         ||    11
Dodge: Dodged            ||     1

Table legend: (Time is in decaauts)
 A = Elapsed time spent in this place.
 B = Non-inter-level travel time spent in this place.
 C = Inter-level travel time spent in this place.
 D = Time resting spent in this place.
 E = Time spent auto-exploring this place.
 F = Levels seen in this place.
 G = Mean time per level.
                   A        B        C        D        E       F      G
               +--------+--------+--------+--------+--------+-----+--------+
         Total |    264 |    264 |      0 |      0 |      0 |   5 |   52.8 |
       Dungeon |    264 |    264 |      0 |      0 |      0 |   5 |   52.8 |
               +--------+--------+--------+--------+--------+-----+--------+

Top non-repeatable levels by time:
     D:3: 138 daAuts
     D:1: 80 daAuts
     D:2: 21 daAuts
     D:4: 15 daAuts
     D:5: 8 daAuts
